 Dungeon Crawl Stone Soup version 0.17.0-28-g6e173f8 (webtiles) character file.

100 lucasterio the Ruffian (level 4, -1/35 HPs)
             Began as a Draconian Transmuter on Dec 1, 2015.
             Slain by a hobgoblin
             ... wielding a +0 club
              (2 damage)
             ... on level 3 of the Dungeon.
             The game lasted 00:04:15 (1439 turns).

lucasterio the Ruffian (Draconian Transmuter)       Turns: 1439, Time: 00:04:16

Health: -1/35      AC:  5    Str: 14    XL:     4   Next: 46%
Magic:  7/7        EV: 12    Int: 13    God:
Gold:   149        SH:  0    Dex: 11    Spells: 1 memorised, 6 levels left

rFire  . . .     SeeInvis .       - Unarmed
rCold  . . .     Clarity  .     (armour unavailable)
rNeg   . . .     SustAt   .     (no shield)
rPois  .         Gourm    .     (helmet restricted)
rElec  .         Spirit   .     (no cloak)
rCorr  .         Warding  .     (no gloves)
rMut   .         Stasis   .     (boots currently unavailable)
MR     .....                    (no amulet)
Stlth  +.........               (no ring)
                                (no ring)

@: lethally poisoned (-1 -> -5), appendage, not resistant to hostile
enchantments, very unstealthy
A: unfitting armour, talons 3, cold-blooded, AC +5
a: End Transformation


You were on level 3 of the Dungeon.
You were not hungry.
You had grown temporary talons.
You visited 1 branch of the dungeon, and saw 3 of its levels.

You collected 149 gold pieces.

Inventory:

Hand Weapons
 i - a +1 vampiric dagger
Missiles
 a - 47 arrows
 k - 12 arrows of dispersal
Scrolls
 j - a scroll of random uselessness {unknown}
 l - 2 scrolls of remove curse {unknown}
 n - a scroll of amnesia {unknown}
Potions
 d - a potion of cure mutation {unknown}
 e - a potion of lignification {unknown}
 f - 2 potions of agility {unknown}
 g - a potion of poison {unknown}
 h - a potion of haste {unknown}
 m - a potion of curing {unknown}
 r - 2 potions of magic {unknown}
Books
 b - a book of Changes

   Spells                             Type                      Level
   a - Beastly Appendage              Transmutation                1
   b - Sticks to Snakes               Transmutation                2
   c - Spider Form                    Transmutation/Poison         3
   d - Ice Form                       Ice/Transmutation            4
   e - Blade Hands                    Transmutation                5
Comestibles
 c - 2 bread rations
 o - 4 fruits
 p - a royal jelly
 q - a meat ration


   Skills:
 - Level 1.1 Fighting
 - Level 1.7 Dodging
 + Level 4.2 Unarmed Combat
 - Level 2.0 Spellcasting
 + Level 3.7 Transmutations


You had 6 spell levels left.
You knew the following spells:

 Your Spells              Type           Power        Failure   Level  Hunger
a - Beastly Appendage     Trmt           ##....       8%          1    ##.....


Dungeon Overview and Level Annotations

Branches:
Dungeon (3/15)

Altars:


Innate Abilities, Weirdness & Mutations

Your plain brown scales are hard (AC +5).
Your body does not fit into most forms of armour.
You are cold-blooded and may be slowed by cold attacks.
You have claws for feet.


Message History

You feel sick. The adder misses you. The hobgoblin barely misses you.
You hit the adder.
You kill the adder!
You hit the hobgoblin but do no damage.
* * * LOW HITPOINT WARNING * * *
You feel sick.
The hobgoblin hits you but does no damage.
You barely miss the hobgoblin.
You claw the hobgoblin, but do no damage.
The hobgoblin hits you with a club.
* * * LOW HITPOINT WARNING * * *
You hit the hobgoblin but do no damage.
* * * LOW HITPOINT WARNING * * *
You feel sick. The hobgoblin barely misses you.
You barely miss the hobgoblin. Your kick misses the hobgoblin.
You hit the hobgoblin. Your kick misses the hobgoblin.
The hobgoblin is severely wounded.
* * * LOW HITPOINT WARNING * * *
You feel sick. The hobgoblin hits you with a club.
You die...

#.# #.# #># #.# #.#
#.# #.# .# #.# #.#
#. <# #.# #.#
#.##.#######.## #.#
##.#...........#
..##.....#######..#
..................#
#..)g#########.#
#.#@# ######.######
#.#.####..)).......#
#........####.####.#
#...###### #.#
#...... #[#
##..###.# #.# #..#
#.# ...# #.# #.#..
.#


You could see a hobgoblin.

Vanquished Creatures
  Jessica (D:3)
  2 adders (D:3)
  5 worms (D:2)
  A giant gecko (D:1)
  9 goblins
  4 hobgoblins
  2 jackals (D:1)
  6 kobolds
  A ball python (D:2)
  5 bats
  2 giant newts
  A quokka (D:2)
  5 rats
44 creatures vanquished.

Notes
Turn   | Place    | Note
--------------------------------------------------------------
     0 | D:1      | lucasterio the Draconian Transmuter began the quest for the Orb.
     0 | D:1      | Reached XP level 1. HP: 16/16 MP: 3/3
   156 | D:1      | Reached XP level 2. HP: 17/23 MP: 5/5
   777 | D:2      | Reached XP level 3. HP: 26/28 MP: 4/6
  1119 | D:3      | Noticed Jessica
  1139 | D:3      | Killed Jessica
  1139 | D:3      | Reached skill level 4 in Unarmed Combat
  1139 | D:3      | Reached XP level 4. HP: 11/35 MP: 7/7
  1439 | D:3      | HP: 1/35 [poisoned by an adder]
  1439 | D:3      | Slain by a hobgoblin

Action                   |  1- 3 |  4- 6 || total
-------------------------+-------+-------++-------
Melee: Unarmed           |   150 |    38 ||   188
 Cast: Beastly Appendage |     5 |     1 ||     6
  Eat: Chunk             |     1 |     1 ||     2
